 Dungeon Crawl Stone Soup version 0.23.1 (webtiles) character file.

Game seed: 14520712599919370399

23 Jannitor the Skirmisher (level 2, -11/24 HPs)
             Began as a Mummy Chaos Knight on Mar 3, 2019.
             Was a Plaything of Xom.
             Blown up by an eye of devastation (glowing shapeshifter) (34 damage)
             ... with a bolt of energy
             ... on level 2 of the Dungeon.
             The game lasted 00:01:16 (822 turns).

Jannitor the Skirmisher (Mummy Chaos Knight)         Turns: 822, Time: 00:01:19

Health: -11/24     AC:  6    Str: 15    XL:     2   Next: 72%
Magic:  2/2        EV:  9    Int: 11    God:    Xom [....*.]
Gold:   53         SH:  3    Dex: 11    Spells: 1/1 levels left

rFire    x . .     SeeInvis .   a - +0 mace (chaos)
rCold    + . .     Gourm    .   (no shield)
rNeg     + + +     Faith    .   e - +0 scale mail
rPois    ∞         Spirit   .   (no helmet)
rElec    .         Reflect  +   (no cloak)
rCorr    .         Harm     .   (no gloves)
MR       .....                  (no boots)
Stlth    ..........             d - +3 amulet of reflection
HPRegen  0.08/turn              (no ring)
MPRegen  0.08/turn              (no ring)

@: no status effects
A: no food or potions, fire vulnerability, cold resistance 1, negative energy
resistance 3, torment resistance, unbreathing
a: Renounce Religion


You were on level 2 of the Dungeon.
You worshipped Xom.
You were a beloved toy of Xom.
You were not hungry.

You visited 1 branch of the dungeon, and saw 2 of its levels.

You collected 53 gold pieces.

Inventory:

Hand Weapons
 a - a +0 mace of chaos (weapon)
Missiles
 c - 58 stones (quivered)
 g - 10 javelins
Armour
 b - a +2 leather armour
 e - a +0 scale mail (worn)
Jewellery
 d - a +3 amulet of reflection (around neck)
Scrolls
 f - a scroll of amnesia
 j - a scroll of blinking {unknown}
 k - a scroll of fog {unknown}


   Skills:
 + Level 3.3 Fighting
 + Level 2.7 Maces & Flails
 + Level 0.3 Throwing
 + Level 2.0 Armour
 - Level 0.7 Dodging


You had one spell level left.
You didn't know any spells.
Your spell library was empty.

Dungeon Overview and Level Annotations

Branches:
Dungeon (2/15)

Altars:


Innate Abilities, Weirdness & Mutations

You do not eat or drink.
Your flesh is vulnerable to fire.
You are immune to poison.
Your flesh is cold resistant. (rC+)
You are immune to negative energy. (rN+++)
You are immune to unholy pain and torment.
You can survive without breathing.


Message History

No target in view!
You barely miss something.
A goblin comes into view.
You hit something. You barely miss something.
A merfolk appears out of thin air!
Reactivating autopickup.
The merfolk changes into a mana viper!
You hit the mana viper.
The mana viper is lightly wounded.
The mana viper changes into an eye of devastation!
You hit the eye of devastation.
The eye of devastation is lightly wounded.
You hit the eye of devastation.
Lightning courses through the eye of devastation!!
The eye of devastation is heavily wounded.
The eye of devastation gazes at you. The bolt of energy hits you!!
Ouch! That really hurt!
You die...
Xom chuckles heartily!

#.# # ###.### .
#.....# # #.#.###.###
... #.#. #...# ##.#
...###...## ##### # #
#####........##......
#
......G.#####......#
###.@.###.##.##.#
#####....#.## #
#.>....g...##
#.####...(#.#
......)###.. ####..#.
##.. #..#.. .#
....#.# # ###.##.#


You could see an eye of devastation shaped shifter and a goblin.

Vanquished Creatures
  A leopard gecko (D:1)
  A ball python (D:1)
  4 bats
  4 goblins
  A hobgoblin (D:1)
  5 kobolds
  2 frilled lizards
  A rat (D:1)
19 creatures vanquished.

Notes
Turn   | Place    | Note
-------+----------+-------------------------------------------
     0 | D:1      | Jannitor the Mummy Chaos Knight began the quest for the
                  | Orb.
     0 | D:1      | Reached XP level 1. HP: 18/18 MP: 1/1
    10 | D:1      | XOM: harmless Hex miscast
   128 | D:1      | Reached XP level 2. HP: 17/24 MP: 2/2
   508 | D:1      | XOM: harmless Ice miscast
   777 | D:2      | XOM: harmless Conj miscast
   810 | D:2      | Noticed a glowing shapeshifter
   810 | D:2      | a giant cockroach changed into a glowing shapeshifter
   810 | D:2      | Noticed a shining eye
   810 | D:2      | a glowing shapeshifter changed into a shining eye
   819 | D:2      | Noticed a merfolk
   819 | D:2      | Noticed a mana viper
   819 | D:2      | a merfolk changed into a mana viper
   820 | D:2      | Noticed an eye of devastation
   820 | D:2      | a mana viper changed into an eye of devastation
   822 | D:2      | Blown up by an eye of devastation (glowing shapeshifter)

Skill      XL: |  1  2 |
---------------+-------+-----
Armour         | 2 |  2.0
Fighting       | |  3.3
Maces & Flails | |  2.7
Throwing       | |  0.3
Dodging        | |  0.7

Action                   || total
-------------------------++-------
Melee: Mace              ||    72
  Use: Scroll            ||     2
Armor: Leather armour    ||     9
       Scale mail        ||    14
Dodge: Dodged            ||    47
Block: Other             ||     5
